 Dungeon Crawl Stone Soup version 0.16-a0-212-g3ed950e (webtiles) character file.

9704 bidlo the Cleaver (level 11, -11/97 HPs)
             Began as a Minotaur Berserker on Aug 18, 2014.
             Was a High Priest of Trog.
             Mangled by a minotaur
             ... wielding a +0 rod of striking (7/11)
              (14 damage)
             ... in a labyrinth.
             The game lasted 00:38:09 (13837 turns).

bidlo the Cleaver (Minotaur Berserker)             Turns: 13837, Time: 00:38:09

HP -11/97        AC  8     Str 28      XL: 11   Next: 26%
MP   4/4         EV 17     Int  4      God: Trog [*****.]
Gold 424         SH  0     Dex 12      Spells:  0 memorised, 10 levels left

rFire  + + +     SeeInvis .     A - +8 short sword "Shravouq" {flame, rF+ rC+}
rCold  + + .     Clarity  .     n - +1 robe {rC+ rF+}
rNeg   + . .     rCorr    .     (no shield)
rPois  +         rRot     .     (helmet restricted)
rElec  .         Spirit   .     r - +0 cloak
SustAb .         Warding  +     q - +2 pair of gloves
rMut   .         Stasis   .     (no boots)
Gourm  .                        b - amulet of warding
MR     +....                    F - ring of poison resistance
                                L - ring of protection from fire

@: mighty, exhausted, slowed, drained, very slow, somewhat resistant to hostile
enchantments, very unstealthy
A: retaliatory headbutt, horns 2, breathe flames 1, magic resistance 1
a: Burn Spellbooks, Berserk, Trog's Hand, Brothers in Arms, Renounce Religion,
Breathe Fire


You were in a labyrinth.
You worshipped Trog.
Trog was extremely pleased with you.
You were very hungry.

You visited 2 branches of the dungeon, and saw 12 of its levels.
You also visited: Labyrinth and Sewer.

You collected 492 gold pieces.
You spent 68 gold pieces at shops.

Inventory:

Hand weapons
 a - a +2 hand axe of freezing
 A - the +8 short sword "Shravouq" (weapon) {flame, rF+ rC+}
   (You found it on level 5 of the Dungeon)

   It emits flame when wielded, causing extra injury to most foes and up to
   double damage against particularly susceptible opponents.
   Big, fiery blades are also staple armaments of hydra-hunters.
   It protects you from fire.
   It protects you from cold.
 K - a +2 battleaxe
Armour
 n - a +1 robe of resistance (worn)
 p - a +0 scale mail
 q - a +2 pair of gloves (worn)
 r - a +0 cloak (worn)
 E - a +2 large shield
Magical devices
 t - a wand of flame (8)
 w - a wand of fireball (0)
 z - a wand of teleportation (9)
 C - a wand of disintegration (8)
 H - a wand of magic darts (8)
 M - a wand of magic darts (2)
Comestibles
 c - 8 bread rations
 i - 5 meat rations
 D - 10 royal jellies
Scrolls
 d - 5 scrolls of teleportation
 g - 2 scrolls of blinking
 j - a scroll of fear {unknown}
 m - 3 scrolls of remove curse
 G - 4 scrolls of recharging
Jewellery
 b - an amulet of warding (around neck)
 f - an uncursed ring of magical power
 s - an uncursed ring of teleport control
 u - an uncursed ring of flight
 y - an uncursed amulet of rage
 F - a ring of poison resistance (right hand)
 L - a ring of protection from fire (left hand)
Potions
 e - 2 potions of agility
 h - a potion of heal wounds
 k - 6 potions of curing
 l - a potion of restore abilities
 o - 3 potions of cure mutation
 v - a potion of cancellation
 B - a potion of lignification
 J - 2 potions of berserk rage


   Skills:
 + Level 9.2(9.0) Fighting
 * Level 12.0(11.7) Axes
 + Level 10.7(10.4) Armour
 * Level 10.7(10.5) Dodging


You had 10 spell levels left.
You didn't know any spells.

Dungeon Overview and Level Annotations

Branches:
Dungeon (11/15)            Temple (1/1) D:4            Lair (0/8) D:9
    Orc: D:9-12

Altars:
Ashenzari
Cheibriados
Dithmenos
Elyvilon
Fedhas
Gozag
Kikubaaqudgha
Makhleb
Nemelex Xobeh
Okawaru
Qazlal
Sif Muna
Trog
Vehumet
Xom
Yredelemnul
Zin
The Shining One

Shops:
D:4 !   D:9 *


Innate Abilities, Weirdness & Mutations

You reflexively headbutt those who attack you in melee.
You have a pair of horns on your head.
You can breathe flames.
You are resistant to hostile enchantments.


Message History

Use which ability? (? or * to list)
Your ogre goes berserk!
You feel somewhat more hungry.
The minotaur hits you with an uncursed twisted smoking rod!
The minotaur gores you!
Unknown command.
Unknown command.
Use which ability? (? or * to list)
You can't do that.
Unknown command.
Unknown command.
Use which ability? (? or * to list)
Your ogre goes berserk!
You are feeling very hungry.
The minotaur hits you with an uncursed twisted smoking rod!!
* * * LOW HITPOINT WARNING * * *
x2 The minotaur closely misses you.
Your ogre hits the minotaur with a giant club.
The minotaur hits you with an uncursed twisted smoking rod!
You die...

#### # #...#
#.############ .###
#...(...#.#. #.#..#
.####'##.#.........#
# .#8.8#...## # .#..
# # #...#.##......
##.# #8@8#.... ##..#
# #|HO#.#. . ... ##
# #8O8#.# #.##. ...#
#:./#..# .##.# ##
#8<8#. #. ....#
#####.# ## . ## .
#.# # # # ###


You could see a minotaur and 2 friendly ogres.

Vanquished Creatures
  A centaur warrior (D:10)
  Pikel (D:4)
  The ghost of Afay the Covered, an experienced MiFi of the Shining One (D:5)
  Joseph (D:8)
  A troll (D:11)
  Grinder (D:4)
  A fire drake (D:9)
  A two-headed ogre (D:9)
  2 basilisks (Lab)
  The ghost of l0ser140 the Changer, an average OpTm (D:4)
  5 yaks (D:10)
  A shadow (Lab)
  Eustachio (D:5)
  2 steam dragons (D:6)
  2 hungry ghosts (D:9)
  2 hippogriffs (D:9)
  Edmund (D:6)
  An orc warrior (D:10)
  A black bear (D:7)
  3 ogres
  A phantom (D:5)
  2 yellow wasps (D:10)
  2 centaurs
  2 ice beasts
  Sigmund (D:4)
  3 giant frogs
  Blork the orc (D:6)
  A yak zombie (D:8)
  2 scorpions
  15 killer bees
  A hippogriff skeleton (D:5)
  7 wights
  Dowan (D:6)
  4 crimson imps
  2 centaur zombies
  A giant frog zombie (D:8)
  2 goliath beetles
  A giant frog skeleton (D:9)
  A centaur skeleton (D:7)
  5 jellies
  A quasit (D:6)
  7 orc priests
  10 hounds
  An iguana (D:4)
  4 worker ants
  3 orc wizards
  Ijyb (D:3)
  Jessica (D:2)
  A mottled dragon skeleton (D:11)
  An ogre zombie (D:7)
  6 gnolls
  A shadow imp (D:6)
  9 adders
  2 worms (D:2)
  3 iguana zombies
  An iguana skeleton (D:4)
  An adder skeleton (D:4)
  6 oozes
  31 orcs
  6 bats
  9 giant cockroaches
  15 goblins
  18 hobgoblins
  15 kobolds
  2 quokkas
  5 giant geckos
  26 giant newts
  A giant spore (D:10)
  A goblin skeleton (D:4)
  9 jackals
  2 orc zombies
  12 rats
296 creatures vanquished.

Vanquished Creatures (collateral kills)
  Duvessa (D:6)
1 creature vanquished.

Vanquished Creatures (others)
  2 slaves (D:4)
  An ogre (D:6)
  An adder (D:4)
  A bat skeleton (D:4)
  A hobgoblin (D:4)
6 creatures vanquished.

Grand Total: 303 creatures vanquished

Notes
Turn   | Place    | Note
--------------------------------------------------------------
     0 | D:1      | bidlo, the Minotaur Berserker, began the quest for the Orb.
     0 | D:1      | Reached XP level 1. HP: 19/19 MP: 1/1
    92 | D:1      | Reached XP level 2. HP: 21/27 MP: 1/1
  1406 | D:2      | Reached XP level 3. HP: 28/33 MP: 2/2
  1457 | D:2      | Reached skill level 4 in Fighting
  2024 | D:2      | Acquired Trog's second power
  2174 | D:2      | Noticed Jessica
  2186 | D:2      | Killed Jessica
  2344 | D:2      | Reached XP level 4. HP: 36/40 MP: 2/2
  2601 | D:3      | Noticed Ijyb
  2620 | D:3      | Killed Ijyb
  2626 | D:3      | Reached XP level 5. HP: 46/46 MP: 2/2
  3159 | D:4      | Noticed l0ser140's ghost (average OpTm)
  3171 | D:4      | Killed l0ser140's ghost
  3171 | D:4      | Reached skill level 5 in Axes
  3171 | D:4      | Reached skill level 5 in Armour
  3171 | D:4      | Reached XP level 6. HP: 53/53 MP: 3/3
  3190 | D:4      | Found a stormy altar of Qazlal.
  3284 | D:4      | Noticed an ogre
  3291 | D:4      | HP: 2/53 [ogre/giant spiked club (17)]
  3316 | D:4      | Killed an ogre
  3672 | D:4      | Noticed Sigmund
  3683 | D:4      | Killed Sigmund
  3683 | D:4      | Reached XP level 7. HP: 60/60 MP: 3/3
  3738 | D:4      | Reached skill level 6 in Axes
  4179 | D:4      | Noticed Grinder
  4182 | D:4      | Noticed Pikel
  4182 | D:4      | Noticed a slave
  4206 | D:4      | Noticed a slave
  4207 | D:4      | Noticed a slave
  4209 | D:4      | Killed Pikel
  4209 | D:4      | Reached skill level 5 in Fighting
  4209 | D:4      | Reached skill level 7 in Axes
  4209 | D:4      | Reached skill level 5 in Dodging
  4209 | D:4      | Reached XP level 8. HP: 69/69 MP: 3/3
  4216 | D:4      | Noticed a freed slave
  4219 | D:4      | Killed a freed slave
  4226 | D:4      | Killed a freed slave
  4242 | D:4      | Killed Grinder
  4423 | D:4      | Found Ypraobli's Distillery.
  4432 | D:4      | Found a snail-covered altar of Cheibriados.
  5001 | D:4      | Found a staircase to the Ecumenical Temple.
  5007 | Temple   | Entered the Ecumenical Temple
  5733 | D:5      | Entered Level 5 of the Dungeon
  5755 | D:5      | Noticed Afay's ghost (experienced MiFi)
  5767 | D:5      | Killed Afay's ghost
  5767 | D:5      | Reached skill level 8 in Axes
  5815 | D:5      | Noticed Eustachio
  5822 | D:5      | Killed Eustachio
  5945 | D:5      | Reached XP level 9. HP: 62/78 MP: 4/4
  6017 | D:5      | Found a glowing drain.
  6036 | D:5      | Acquired Trog's third power
  6042 | Sewer    | Entered a sewer
  6970 | D:5      | Got a bloodstained short sword
  6971 | D:5      | Identified the +8 short sword "Shravouq" {flame, rF+ rC+} (You found it on level 5 of the Dungeon)
  7132 | D:6      | Noticed Blork the orc
  7143 | D:6      | Killed Blork the orc
  7186 | D:6      | Noticed Edmund
  7199 | D:6      | Killed Edmund
  7261 | D:6      | Reached skill level 9 in Axes
  7972 | D:6      | Noticed Duvessa
  7972 | D:6      | Noticed Dowan
  7981 | D:6      | Killed Duvessa
  7988 | D:6      | Killed Dowan
  8587 | D:7      | Reached skill level 10 in Axes
  9064 | D:7      | Reached XP level 10. HP: 81/86 MP: 4/4
  9161 | D:7      | Found a sparkling altar of Nemelex Xobeh.
  9450 | D:8      | Noticed Joseph
  9467 | D:8      | Killed Joseph
  9483 | D:8      | Found a glowing golden altar of the Shining One.
  9970 | D:8      | Found a radiant altar of Vehumet.
 10122 | D:8      | Found a shadowy altar of Dithmenos.
 10240 | D:9      | Found an iron altar of Okawaru.
 10544 | D:9      | Reached skill level 10 in Armour
 10601 | D:9      | Found a staircase to the Lair.
 11036 | D:9      | Found a white marble altar of Elyvilon.
 11391 | D:9      | Found a stormy altar of Qazlal.
 11391 | D:9      | Found a shattered altar of Ashenzari.
 11414 | D:9      | Reached skill level 11 in Axes
 11500 | D:9      | Found Laywn's Assorted Antiques.
 11503 | D:9      | Bought a scroll labeled NACAADDEBRI for 34 gold pieces
 11505 | D:9      | Bought a scroll labeled ANYLARCH MAYRI for 34 gold pieces
 11521 | D:10     | Entered Level 10 of the Dungeon
 11531 | D:10     | Reached skill level 10 in Dodging
 12051 | D:10     | Gained mutation: You are resistant to hostile enchantments. [potion of mutation]
 12051 | D:10     | Gained mutation: You can breathe flames. [potion of mutation]
 12154 | D:10     | Received a gift from Trog
 12312 | D:10     | Reached XP level 11. HP: 95/95 MP: 4/4
 12630 | D:10     | Noticed a centaur warrior
 12640 | D:10     | Killed a centaur warrior
 13148 | D:11     | Found a labyrinth entrance.
 13209 | Lab      | Entered a labyrinth
 13642 | Lab      | Reached skill level 12 in Axes
 13828 | Lab      | Noticed a minotaur
 13837 | Lab      | HP: 3/97 [minotaur/uncursed twisted smoking rod (11)]
 13837 | Lab      | Identified a +0 rod of striking (7/11)
 13837 | Lab      | Mangled by a minotaur

Action                   |  1- 3 |  4- 6 |  7- 9 | 10-12 || total
-------------------------+-------+-------+-------+-------++-------
Melee: Hand axe          |   114 |    90 |   185 |       ||   389
       Short sword       |       |       |   145 |   235 ||   380
       Battleaxe         |       |       |       |    18 ||    18
Invok: Berserk           |       |     3 |     5 |     6 ||    14
       Brothers in Arms  |       |       |     1 |     2 ||     3
Evoke: Wand              |       |     7 |     3 |     1 ||    11
  Use: Potion            |       |     1 |     2 |    11 ||    14
       Scroll            |       |     8 |     9 |    10 ||    27
  Eat: Chunk             |     4 |     6 |     9 |    10 ||    29
       Pizza             |       |     1 |       |       ||     1
       Beef jerky        |       |       |     3 |     1 ||     4
       Fruit             |       |       |     3 |       ||     3
       Royal jelly       |       |       |     1 |       ||     1
       Meat ration       |       |       |     1 |     2 ||     3
